 Dungeon Sprint DCSS version 0.26-a0-660-gc07710193c (webtiles) character file.

Game seed: 11816863877465489986

50733 mhtbhm the Archmage (level 14, -8/96 HPs)
             Began as a Deep Elf Earth Elementalist on Oct 7, 2020.
             Was the Champion of Vehumet.
             Mangled by a stone giant (17 damage)
             ... in the Dungeon (Sprint III: "The Ten Rune Challenge").
             The game lasted 00:19:48 (4676 turns).

mhtbhm the Archmage (Deep Elf Earth Elementalist)   Turns: 4676, Time: 00:19:49

Health: -8/96      AC: 33    Str:  5    XL:     14   Next: 20%
Magic:  0/56       EV: 18    Int: 28    God:    Vehumet [******]
Gold:   2860       SH:  0    Dex: 18    Spells: 15/67 levels left

rFire    + + .     SeeInvis +   r - staff of earth
rCold    + . .     Faith    .   (no shield)
rNeg     + . .     Spirit   +   (armour currently unavailable)
rPois    ∞         Reflect  .   (no helmet)
rElec    +         Harm     .   (no cloak)
rCorr    .         Rampage  .   (gloves currently unavailable)
MR       +....     NoTele   +   (boots currently unavailable)
Stlth    +++.......             t - amulet of Maguu {Spirit rElec rPois SInv}
HPRegen  0.26/turn              v - ring "Lauho" {rF+ Slay+2}
MPRegen  0.35/turn              w - ring "Guzut" {MP+9 Dex+3}

@: statue-form, very slow
A: blurry vision 1, clever 1, cold resistance 1, fire resistance 1, poison
resistance
a: End Transformation, Renounce Religion


You were in the Dungeon.
You worshipped Vehumet.
Vehumet was exalted by your worship.
You were a stone statue.
You visited 1 branch You collected 3615 gold pieces.
You spent 755 gold pieces at shops.

Inventory:

Hand Weapons
 A - a +4 vampiric short sword
Missiles
 q - 2 throwing nets (quivered)
 C - 7 curare-tipped darts
Armour
 c - a +1 robe of poison resistance (melded)
 E - the +2 pair of boots "Seeqo" (melded) {rF+ Stlth+}
   (You found it in the Dungeon)

   It protects you from fire.
   It makes you more stealthy.
Magical Staves
 r - an uncursed staff of earth (weapon)
Jewellery
 t - the amulet of Maguu (around neck) {Spirit rElec rPois SInv}
   (You took it off a deep elf blademaster in the Dungeon)

   [amulet of guardian spirit]

   It causes incoming damage to be split between your health and magic.
   It insulates you from electricity.
   It protects you from poison.
   It lets you see invisible.
 v - the ring "Lauho" (left hand) {rF+ Slay+2}
   (You found it in the Dungeon)

   [ring of protection from fire]

   It affects your accuracy and damage with ranged weapons and melee attacks
   (+2).
   It protects you from fire.
 w - the ring "Guzut" (right hand) {MP+9 Dex+3}
   (You found it in the Dungeon)

   [ring of magical power]

   It affects your dexterity (+3).
   It affects your magic capacity (+9).
 z - an uncursed ring of wizardry
 H - the ring of Onyuleu {rN+ Dex+5, unknown}
   (You found it in the Dungeon)

   [ring of positive energy]

   It affects your dexterity (+5).
   It protects you from negative energy.
Wands
 n - a wand of flame (23)
 u - a wand of acid (12)
 B - a wand of polymorph (9)
 D - a wand of disintegration (11)
Scrolls
 a - 2 scrolls of identify
 e - a scroll of holy word
 i - 2 scrolls of blinking
 j - 5 scrolls of remove curse
 l - a scroll of torment
 s - 5 scrolls of amnesia
Potions
 d - 2 potions of curing
 f - 2 potions of haste
 h - a potion of berserk rage
 k - a potion of flight
 m - 3 potions of mutation
 o - a potion of might
 I - a potion of resistance {unknown}
Miscellaneous
 p - a condenser vane (2/2)
 x - a phantom mirror
 y - a phantom mirror
 F - a tin of tremorstones (3/3)
 G - a lightning rod (4/4)


   Skills:
 + Level 3.6 Fighting
 + Level 8.5 Dodging
 - Level 4.4 Stealth
 O Level 27 Spellcasting
 + Level 11.7 Conjurations
 + Level 7.0 Transmutations
 + Level 5.2 Fire Magic
 O Level 27 Earth Magic
 + Level 3.7 Evocations


You had 15 spell levels left.
You knew the following spells:

 Your Spells              Type           Power        Failure   Level
a - Sandblast             Erth           ######       0%          1
b - Passwall              Tmut/Erth      ########     0%          2
c - Stone Arrow           Conj/Erth      ######       0%          3
d - Lee's Rapid Deconstr  Erth           ########..   0%          5
e - Petrify               Tmut/Erth      ########     0%          4
f - Inner Flame           Hex/Fire       ######..     1%          3
g - Bolt of Magma         Conj/Fire/Erth ########..   1%          5
h - Lehudib's Crystal Sp  Conj/Erth      ########..   1%          8
i - Shatter               Erth           ########..   1%          9
j - Iron Shot             Conj/Erth      ########..   1%          6
k - Statue Form           Tmut/Erth      ########.    1%          6

Your spell library contained the following spells:

 Spells                   Type           Power        Failure   Level
 Chain Lightning          Conj/Air       ######....   67%         8
 Absolute Zero            Ice            #####.....   100%        9
 Foxfire                  Conj/Fire      ####         0%          1
 Magic Dart               Conj           ####         0%          1
 Shock                    Conj/Air       ####         1%          1
 Blink                    Tloc           N/A          1%          2
 Call Imp                 Summ           #####...     1%          2
 Poisonous Vapours        Pois/Air       #####.       1%          2
 Slow                     Hex            #####...     1%          2
 Swiftness                Air            #####...     1%          2
 Confusing Touch          Hex            #####...     1%          3
 Conjure Flame            Conj/Fire      ######..     1%          3
 Dazzling Flash           Conj/Hex       ######       1%          3
 Mephitic Cloud           Conj/Pois/Air  ######..     1%          3
 Ozocubu's Armour         Ice            #####...     1%          3
 Leda's Liquefaction      Hex/Erth       ########..   1%          4
 Fireball                 Conj/Fire      ######....   1%          5
 Irradiate                Conj/Tmut      ######....   1%          5
 Freezing Cloud           Conj/Ice/Air   ######....   6%          6
 Hydra Form               Tmut           ######....   6%          6
 Dragon Form              Tmut           ######....   32%         7
 Invisibility             Hex            #####...     71%         6


Dungeon Overview and Level Annotations

Branches:
Dungeon (1/1)

Altars:
Cheibriados
Dithmenos
Elyvilon
Fedhas
Gozag
Hepliaklqana
Kikubaaqudgha
Makhleb
Nemelex Xobeh
Okawaru
Qazlal
Ru
Sif Muna
Trog
Uskayaw
Vehumet
Wu Jian
Xom
Yredelemnul
Zin
The Shining One
Beogh
Jiyva
Lugonu

Shops:
D :?([!?=(!::}

Annotations:
D Polyphemus


Innate Abilities, Weirdness & Mutations

((You are partially covered in molten scales. (AC +2)))
Scrolls take you a little longer to read.
Your mind is acute. (Int +2)
Your flesh is cold resistant. (rC+)
Your flesh is heat resistant. (rF+)
Your system is resistant to poisons. (rPois)


Message History

There is an open door to the Hive here.
The green ugly thing claws you but does no damage.
Casting: Sandblast (safe; 0% risk of failure)
Confirm with . or Enter, or press ? or * to list all spells.
Aiming: Lee's Rapid Deconstruction (safe; 0% risk of failure)
Press: ? - help, Dir - move target cursor A rock wall.
You feel a surge of power!
The wall shatters!
The blast of rock fragments hits the green ugly thing!!
The green ugly thing is heavily wounded.
The blast of rock fragments hits the stone giant.
The stone giant is lightly wounded.
The green ugly thing misses you. The green ugly thing claws you.
* * * LOW HITPOINT WARNING * * *
The green ugly thing misses you.
The stone giant hits you but does no damage.
The green ugly thing completely misses you.
The stone giant hits you!!
You die...

#...[))..###.#...≈≈≈...[....#|#
#.[[.)...∩##.#...##≈≈≈≈##..##|#
#.#)#[.##.##.[(..##.[[.[....}.#
#...###########################
#'###########################
#....#.#.#.....#......b...≈≈#
##.#))#.##.###)#......#...≈≈#####
'##.#.#.##.#.[##.C....#...≈≈≈≈#..
#...#..#.)##..'.8u....#...≈≈≈≈...
▓▓▓▓▓▓▓▓▓▓▓▓▓▓#.......#.......##.
........≈≈≈...#.......#.......###
≈≈≈≈≈≈≈≈≈≈♣♣..'.......#.......##.
♣♣♣♣♣♣♣♣♣♣♣♣PP#.).....#######....
♣♣♣##)######## #.... ♣♣
#...'§§§≈§##?.≈≈§#. .##
#...#.§≈≈≈#§.§#≈≈#. #)#
#...#.#≈≈≈##≈##≈≈.(


You could see a stone giant and a green ugly thing.

Vanquished Creatures
  Rupert (D)
  A lich (D)
  A deep elf blademaster (D)
  Harold (D)
  Chuck (D)
  2 shadow dragons (D)
  2 deep elf annihilators (D)
  Azrael (D)
  A deep elf demonologist (D)
  2 deep elf death magi (D)
  A yaktaur captain (D)
  A fire dragon (D)
  Erolcha (D)
  A centaur warrior (D)
  An ogre mage (D)
  4 dancing weapons (D)
  4 death yaks (D)
  3 orc high priests (D)
  Urug (D)
  A skeletal warrior (D)
  2 deep elf knights (D)
  Joseph (D)
  An obsidian statue (D)
  A lindwurm (D)
  5 deep elf magi (D)
  4 crystal guardians (D)
  A wolf spider (shapeshifter) (D)
  4 ugly things (D)
  An orc sorcerer (D)
  A shining eye (shapeshifter) (D)
  2 black mambas (D)
  4 statues (D)
  A rime drake (D)
  2 cane toads (D)
  A komodo dragon (D)
  3 wandering mushrooms (D)
  A queen bee (D)
  4 spriggan defenders (D)
  2 tyrant leeches (D)
  8 blink frogs (D)
  2 slime creatures (D)
  A slime creature (shapeshifter) (D)
  5 redbacks (D)
  A shadow (D)
  A spatial vortex (D)
  A floating eye (shapeshifter) (D)
  A swamp drake (D)
  A necrophage (D)
  5 two-headed ogres (D)
  A water elemental (D)
  32 killer bees (D)
  5 orc priests (D)
  A wizard (D)
  A jelly (D)
  An orc wizard (D)
  A necromancer (D)
  A kobold demonologist (D)
  3 humans (D)
  An ooze (D)
  A phantom (D)
  12 orcs (D)
  3 rats (D)
  2 bushes (D)
  A butterfly (D)
  2 crawling corpses (D)
166 creatures vanquished.

Vanquished Creatures (others)
  Sojobo (D)
  14 plants (D)
15 creatures vanquished.

Grand Total: 181 creatures vanquished

Notes
Turn   | Place    | Note
-------+----------+-------------------------------------------
     0 | D        | mhtbhm the Deep Elf Earth Elementalist began the quest for
                  | the Orb.
     0 | D        | Reached XP level 1. HP: 10/10 MP: 6/6
    80 | D        | Reached XP level 2. HP: 15/15 MP: 5/8
    89 | D        | Reached skill level 5 in Earth Magic
    89 | D        | Reached XP level 3. HP: 19/19 MP: 1/11
   155 | D        | Gained mutation: Your magical capacity is low. (-10% MP)
                  | [potion of mutation]
   155 | D        | Gained mutation: Scrolls take you a little longer to read.
                  | [potion of mutation]
   155 | D        | Gained mutation: You are clumsy. (Dex -2) [potion of
                  | mutation]
   155 | D        | Gained mutation: Your system is resistant to poisons.
                  | (rPois) [potion of mutation]
   156 | D        | Lost mutation: You are clumsy. (Dex -2) [potion of
                  | mutation]
   156 | D        | Lost mutation: Your magical capacity is low. (-10% MP)
                  | [potion of mutation]
   156 | D        | Gained mutation: Your flesh is cold resistant. (rC+)
                  | [potion of mutation]
   156 | D        | Gained mutation: You are partially covered in molten
                  | scales. (AC +2) [potion of mutation]
   156 | D        | Gained mutation: Your mind is acute. (Int +2) [potion of
                  | mutation]
   156 | D        | Gained mutation: Your flesh is heat resistant. (rF+)
                  | [potion of mutation]
   178 | D        | Learned a level 2 spell: Passwall
   182 | D        | Learned a level 3 spell: Stone Arrow
   182 | D        | Noticed a water elemental
   190 | D        | Killed a water elemental
   190 | D        | Reached XP level 4. HP: 24/24 MP: 1/14
   283 | D        | Found a radiant altar of Vehumet.
   283 | D        | Found a shimmering blue altar of Sif Muna.
   283 | D        | Found an ancient bone altar of Kikubaaqudgha.
   283 | D        | Noticed a wizard
   285 | D        | Killed a wizard
   291 | D        | Became a worshipper of Vehumet
   335 | D        | Found a basalt altar of Yredelemnul.
   335 | D        | Found a shadowy altar of Dithmenos.
   335 | D        | Found a sacrificial altar of Ru.
   335 | D        | Noticed a necrophage
   336 | D        | Reached XP level 5. HP: 28/28 MP: 16/18
   338 | D        | Killed a necrophage
   338 | D        | Reached skill level 10 in Earth Magic
   347 | D        | Learned a level 5 spell: Lee's Rapid Deconstruction
   352 | D        | Learned a level 4 spell: Petrify
   374 | D        | Found a glowing silver altar of Zin.
   374 | D        | Found a glowing golden altar of the Shining One.
   374 | D        | Found a white marble altar of Elyvilon.
   374 | D        | Noticed a deep elf mage
   376 | D        | Killed a deep elf mage
   376 | D        | Reached * piety under Vehumet
   376 | D        | Offered knowledge of Shock by Vehumet.
   376 | D        | Reached skill level 5 in Dodging
   376 | D        | Reached XP level 6. HP: 32/32 MP: 9/24
   376 | D        | Reached XP level 7. HP: 36/36 MP: 9/25
   462 | D        | Found a hide-covered altar of Uskayaw.
   462 | D        | Found a roughly hewn altar of Beogh.
   462 | D        | Found an iron altar of Okawaru.
   462 | D        | Found a bloodstained altar of Trog.
   462 | D        | Found an ornate altar of the Wu Jian Council.
   462 | D        | Noticed a human
   462 | D        | Noticed a human
   464 | D        | Killed a human
   464 | D        | Reached skill level 1 in Conjurations
   465 | D        | Killed a human
   520 | D        | Reached ** piety under Vehumet
   520 | D        | Noticed a shadow
   523 | D        | Killed a shadow
   523 | D        | Reached XP level 8. HP: 41/41 MP: 12/28
   598 | D        | Found a blossoming altar of Fedhas.
   598 | D        | Found a stormy altar of Qazlal.
   598 | D        | Found a snail-covered altar of Cheibriados.
   598 | D        | Found a burning altar of Makhleb.
   598 | D        | Found a shimmering altar of Xom.
   599 | D        | Found a hazy altar of Hepliaklqana.
   599 | D        | Found an opulent altar of Gozag.
   599 | D        | Found a sparkling altar of Nemelex Xobeh.
   599 | D        | Found a corrupted altar of Lugonu.
   599 | D        | Found a viscous altar of Jiyva.
   603 | D        | Offered knowledge of Searing Ray by Vehumet.
   658 | D        | Reached skill level 15 in Spellcasting
   658 | D        | Reached *** piety under Vehumet
   739 | D        | Noticed a two-headed ogre
   749 | D        | Killed a two-headed ogre
   749 | D        | Offered knowledge of Dazzling Flash by Vehumet.
   862 | D        | Noticed a two-headed ogre
   862 | D        | Noticed Erolcha
   865 | D        | Killed Erolcha
   865 | D        | Reached skill level 15 in Earth Magic
   865 | D        | Reached skill level 1 in Evocations
   865 | D        | Reached XP level 9. HP: 34/45 MP: 27/32
   867 | D        | Killed a two-headed ogre
   867 | D        | Reached **** piety under Vehumet
   936 | D        | Offered knowledge of Inner Flame by Vehumet.
   981 | D        | Noticed a wandering mushroom
   986 | D        | Noticed a wandering mushroom
   995 | D        | Learned a level 3 spell: Inner Flame
   995 | D        | Killed a wandering mushroom
   995 | D        | Offered knowledge of Hailstorm by Vehumet.
   996 | D        | Noticed a wandering mushroom
  1001 | D        | Killed a wandering mushroom
  1001 | D        | Reached ***** piety under Vehumet
  1009 | D        | Killed a wandering mushroom
  1139 | D        | Noticed a queen bee
  1141 | D        | Reached XP level 10. HP: 50/50 MP: 35/35
  1141 | D        | Reached ****** piety under Vehumet
  1145 | D        | Offered knowledge of Conjure Ball Lightning by Vehumet.
  1448 | D        | Noticed an orc high priest
  1449 | D        | Offered knowledge of Lightning Bolt by Vehumet.
  1450 | D        | Killed an orc high priest
  1450 | D        | Reached skill level 1 in Fighting
  1461 | D        | Noticed an orc sorcerer
  1463 | D        | Killed an orc sorcerer
  1564 | D        | Found Jyp Diud's Book Shop.
  1637 | D        | Noticed a deep elf mage
  1637 | D        | Noticed a deep elf knight
  1637 | D        | Noticed a deep elf knight
  1637 | D        | Noticed a deep elf mage
  1637 | D        | Noticed a deep elf mage
  1654 | D        | Killed a deep elf mage
  1654 | D        | Offered knowledge of Yara's Violent Unravelling by Vehumet.
  1656 | D        | Killed a deep elf mage
  1657 | D        | Killed a deep elf mage
  1658 | D        | Killed a deep elf knight
  1658 | D        | Reached XP level 11. HP: 56/56 MP: 21/38
  1660 | D        | Killed a deep elf knight
  1664 | D        | Noticed a deep elf annihilator
  1665 | D        | Noticed a deep elf death mage
  1671 | D        | Killed a deep elf death mage
  1815 | D        | Noticed a deep elf demonologist
  1816 | D        | Noticed a deep elf annihilator
  1817 | D        | Noticed an Ice Fiend
  1819 | D        | Killed a deep elf demonologist
  1819 | D        | Identified the amulet of Maguu {Spirit rElec rPois SInv}
  1819 | D        | Noticed a deep elf blademaster
  1820 | D        | Killed a deep elf annihilator
  1822 | D        | Killed a deep elf annihilator
  1822 | D        | Offered knowledge of Bolt of Magma by Vehumet.
  2063 | D        | Noticed a deep elf mage
  2063 | D        | Noticed a deep elf death mage
  2068 | D        | Killed a deep elf mage
  2070 | D        | Killed a ghostly deep elf death mage
  2071 | D        | Killed a deep elf death mage
  2128 | D        | Killed a deep elf blademaster
  2128 | D        | Reached skill level 5 in Conjurations
  2175 | D        | Learned a level 5 spell: Bolt of Magma
  2190 | D        | Identified the Catalogue of Torrid Hexes
  2192 | D        | Identified the Disquisition on Hurtful Lightness
  2195 | D        | Got a pitted golden ring
  2195 | D        | Got a clouded platinum ring
  2199 | D        | Identified the Tome of Ashen Snow
  2353 | D        | Reached XP level 12. HP: 36/61 MP: 35/42
  2472 | D        | Offered knowledge of Iskenderun's Battlesphere by Vehumet.
  2754 | D        | Noticed Urug
  2766 | D        | Killed Urug
  2766 | D        | Offered knowledge of Ozocubu's Refrigeration by Vehumet.
  3083 | D        | Noticed Rupert
  3087 | D        | Killed Rupert
  3150 | D        | Noticed a death yak
  3150 | D        | Noticed a death yak
  3153 | D        | Noticed a death yak
  3154 | D        | Killed a death yak
  3154 | D        | Offered knowledge of Starburst by Vehumet.
  3155 | D        | Noticed a death yak
  3156 | D        | Killed a death yak
  3156 | D        | Reached skill level 1 in Fire Magic
  3158 | D        | Killed a death yak
  3160 | D        | Killed a death yak
  3288 | D        | Noticed an azure jelly
  3288 | D        | Noticed an azure jelly
  3291 | D        | Noticed an azure jelly
  3294 | D        | Noticed an azure jelly
  3303 | D        | Noticed Polyphemus
  3372 | D        | Identified the ring "Lauho" {rF+ Slay+2} (You found it in
                  | the Dungeon)
  3373 | D        | Identified the ring "Guzut" {MP+9 Dex+3} (You found it in
                  | the Dungeon)
  3374 | D        | Noticed Joseph
  3376 | D        | Noticed Harold
  3379 | D        | Killed Harold
  3379 | D        | Reached skill level 27 in Spellcasting
  3382 | D        | Killed Joseph
  3382 | D        | Offered knowledge of Lehudib's Crystal Spear by Vehumet.
  3382 | D        | Offered knowledge of Chain Lightning by Vehumet.
  3382 | D        | Offered knowledge of Absolute Zero by Vehumet.
  3382 | D        | Reached XP level 13. HP: 65/65 MP: 19/46
  3635 | D        | Learned a level 8 spell: Lehudib's Crystal Spear
  3637 | D        | Found Zeahej's Magic Scroll Emporium.
  3637 | D        | Found Izenlojoot's Antique Weapon Shop.
  3637 | D        | Found Cobim's Antique Armour Boutique.
  3637 | D        | Found Ureedghuu's Gadget Shoppe.
  3637 | D        | Found Veshocoe's Distillery.
  3637 | D        | Found Zeowy's Jewellery Emporium.
  3637 | D        | Found Middif's Antique Weapon Shoppe.
  3637 | D        | Found Rigrie's Book Shop.
  3637 | D        | Found Zifiasch's Book Emporium.
  3637 | D        | Found Tiehojacw's Magic Scroll Emporium.
  3637 | D        | Found Soig's Distillery.
  3674 | D        | Bought a book of the Earth for 715 gold pieces
  3684 | D        | Learned a level 9 spell: Shatter
  3691 | D        | Learned a level 6 spell: Iron Shot
  3698 | D        | Learned a level 6 spell: Statue Form
  3713 | D        | Bought a scroll of identify for 20 gold pieces
  3713 | D        | Bought a scroll of identify for 20 gold pieces
  3943 | D        | Found the +8 Wrath of Trog {antimagic, *Rage}
  4044 | D        | Noticed a fire dragon
  4047 | D        | Killed a fire dragon
  4080 | D        | Got a pair of pitted boots
  4086 | D        | Identified the +2 pair of boots "Seeqo" {rF+ Stlth+} (You
                  | found it in the Dungeon)
  4189 | D        | Reached skill level 5 in Fire Magic
  4208 | D        | Noticed Chuck
  4259 | D        | Killed Chuck
  4285 | D        | Got a pitted bronze ring
  4636 | D        | Noticed Sojobo
  4640 | D        | Noticed a lich
  4641 | D        | Noticed Azrael
  4641 | D        | Noticed a shadow dragon
  4641 | D        | Killed Sojobo
  4641 | D        | Reached skill level 27 in Earth Magic
  4642 | D        | Noticed a shadow dragon
  4643 | D        | Killed a lich
  4643 | D        | Reached skill level 10 in Conjurations
  4643 | D        | Reached skill level 5 in Transmutations
  4643 | D        | Reached XP level 14. HP: 42/72 MP: 18/47
  4645 | D        | Killed Azrael
  4649 | D        | Killed a shadow dragon
  4652 | D        | Noticed a stone giant
  4655 | D        | Killed a shadow dragon
  4656 | D        | Noticed a titan
  4676 | D        | Mangled by a stone giant

Illustrated notes

Levels and vault maps discovered:
D:        dungeon_sprint_mu [sprint_mu_entry_cave, sprint_mu_temple_rooms,
          sprint_mu_d1_spiders, sprint_mu_d2_genie, sprint_mu_d3_branching,
          sprint_mu_orc_legion, sprint_mu_elf_gauntlet, sprint_mu_hive_nellie,
          sprint_mu_lair_fedhas, sprint_mu_vaults_butterflies,
          sprint_mu_slime_circle, sprint_mu_swamp_cave, sprint_mu_shoals_archi,
          sprint_mu_blade_basic, sprint_mu_crypt_chambers,
          sprint_mu_tomb_spiral, sprint_mu_vestibule_basic,
          sprint_mu_gehenna_hellfire, sprint_mu_dis_giant,
          sprint_mu_tartarus_statrot, sprint_mu_cocytus_islands, sprint_mu_zot1]

Skill      XL: |  1  2  3  4  5  6  7  8  9 10 11 12 13 14 |
---------------+-------------------------------------------+-----
Earth Magic    | 4 5 7 8 12 13 15 16 18 20 23 27 | 27.0
Dodging        | 3 4 5 6 7 8 |  8.5
Stealth        | 3 4 |  4.4
Spellcasting   | 4 6 8 13 14 17 19 21 24 27 | 27.0
Conjurations   | 1 2 4 5 10 11 | 11.7
Evocations     | 1 2 3 |  3.7
Transmutations | 2 3 5 7 |  7.0
Fighting       | 1 2 3 |  3.6
Fire Magic     | 1 5 |  5.2

Action                   |  1- 3 |  4- 6 |  7- 9 | 10-12 | 13-15 || total
-------------------------+-------+-------+-------+-------+-------++-------
Melee: Staff             |       |       |       |     5 |     8 ||    13
       Unarmed           |       |       |       |     1 |       ||     1
 Cast: Sandblast         |    17 |     8 |     1 |     3 |     1 ||    30
       Stone Arrow       |     1 |       |    12 |    13 |     2 ||    28
       Lee's Rapid Decon |       |     1 |    21 |    79 |    38 ||   139
       Petrify           |       |       |     1 |     7 |       ||     8
       Bolt of Magma     |       |       |       |     2 |     6 ||     8
       Shatter           |       |       |       |       |     7 ||     7
       Iron Shot         |       |       |       |       |     3 ||     3
       Statue Form       |       |       |       |       |     2 ||     2
Evoke: Condenser vane    |       |       |     3 |     3 |     1 ||     7
       Wand              |       |       |       |       |     2 ||     2
  Use: Potion            |     3 |       |       |     3 |     2 ||     8
       Scroll            |       |       |       |       |     3 ||     3
Armor: Robe              |     1 |       |       |     1 |     1 ||     3
       Skin              |       |       |       |       |    13 ||    13
Dodge: Dodged            |     8 |     1 |       |    13 |    27 ||    49

Table legend: (Time is in decaauts)
 A = Elapsed time spent in this place.
 B = Non-inter-level travel time spent in this place.
 C = Inter-level travel time spent in this place.
 D = Time resting spent in this place.
 E = Time spent auto-exploring this place.
 F = Levels seen in this place.
 G = Mean time per level.
                   A        B        C        D        E       F      G
               +--------+--------+--------+--------+--------+-----+--------+
         Total |   4753 |   4753 |      0 |   3041 |     18 |   1 | 4753.0 |
       Dungeon |   4753 |   4753 |      0 |   3041 |     18 |   1 | 4753.0 |
               +--------+--------+--------+--------+--------+-----+--------+

Top non-repeatable levels by time:
       D: 4753 daAuts
